 Dungeon Crawl Stone Soup version 0.28.0-45-g0d030f2227 (webtiles) character file.

Game seed: 17408097575199634484

81 GigaChad the Slasher (level 4, -3/41 HPs)
             Began as a Minotaur Chaos Knight on Apr 21, 2022.
             Was a Plaything of Xom.
             Slain by Natasha (4 damage)
             ... on level 3 of the Dungeon.
             The game lasted 00:05:19 (966 turns).

GigaChad the Slasher (Minotaur Chaos Knight)         Turns: 966, Time: 00:05:20

Health: -3/41      AC:  6    Str: 16    XL:     4   Next: 19%
Magic:  3/3        EV: 11    Int:  9    God:    Xom [....*.]
Gold:   73         SH:  0    Dex: 15    Spells: 3/3 levels left

rFire   . . .      SeeInvis .   a - +0 falchion (chaos)
rCold   . . .      Faith    .   (no shield)
rNeg    . . .      Spirit   .   g - +1 ring mail of Wariness {rPois Dex+3 Slay+3 Stlth+}
rPois   +          Reflect  .   (helmet restricted)
rElec   .          Harm     .   (no cloak)
rCorr   .          Rampage  .   (no gloves)
Will    .....                   (no boots)
Stlth   ++........              (no amulet)
HPRegen 0.13/turn               (no ring)
MPRegen 0.08/turn               (no ring)

@: slowed, very slow
A: horns 2, retaliatory headbutt
a: Renounce Religion


You were on level 3 of the Dungeon.
You worshipped Xom.
You were a beloved toy of Xom.
You visited 1 branch of the dungeon, and saw 3 of its levels.

You collected 73 gold pieces.

Inventory:

Hand Weapons
 a - a +0 falchion of chaos (weapon)
Armour
 b - a +2 leather armour
 d - an orb of light
 g - the +1 ring mail of Wariness (worn) {rPois Dex+3 Slay+3 Stlth+}
   (You found it on level 2 of the Dungeon)

   Dex:       It affects your dexterity (+3).
   Slay:      It affects your accuracy & damage with ranged weapons and melee
   (+3).
   rPois:     It protects you from poison.
   Stlth:     It makes you more stealthy.
 h - a +0 chain mail
Wands
 i - a wand of digging (5)
Scrolls
 e - a scroll of identify {unknown}
Potions
 c - a potion of curing {unknown}
 f - a potion of mutation {unknown}
 j - a potion of might {unknown}


   Skills:
 + Level 4.4 Fighting
 + Level 4.7 Long Blades
 + Level 3.0 Armour
 + Level 1.6 Dodging
 + Level 0.9 Stealth


You had 3 spell levels left.
You didn't know any spells.
Your spell library was empty.

Dungeon Overview and Level Annotations

Branches:
Dungeon (3/15)

Altars:

Annotations:
D:3 Natasha


Innate Abilities, Weirdness & Mutations

You have a pair of horns on your head.
You reflexively headbutt those who attack you in melee.


Message History

The endoplasm quivers.
Your headbutt misses Ijyb.
Ijyb is lightly wounded.
You hear a shout!
The bat hits you but does no damage.
Natasha stares at you and mumbles some strange words.
You feel as though you will be slow longer.
The orc hits you but does no damage. Ijyb screams, "Me stronger than you!"
Ijyb closely misses you.
An orc comes into view. It is wielding a +0 flail.
The bat hits you but does no damage. Natasha claws you.
An orc comes into view. It is wielding a +0 whip.
The orc hits you with a +0 short sword.
You hit Ijyb.
Ijyb resists with some effort.
Ijyb is moderately wounded.
The bat closely misses you. You furiously retaliate!
You headbutt the bat!
You kill the bat!
Ijyb zaps a wand.
The puff of flame hits you. Natasha misses you. The orc barely misses you.
You furiously retaliate!
You headbutt the orc, but do no damage.
Ijyb zaps a wand.
The puff of flame hits you.
You slash Ijyb! Lightning courses through Ijyb!
You kill Ijyb!
Natasha closely misses you. The orc hits you but does no damage. x2
Natasha claws you!
* * * LOW HITPOINT WARNING * * *
The orc hits you with a +0 short sword.
* * * LOW HITPOINT WARNING * * *
The orc hits you with a +0 whip.
* * * LOW HITPOINT WARNING * * *
Your Armour skill increases to level 3!
You have reached level 4!
You feel agile. Natasha casts a spell at you. The magic dart hits you.
* * * LOW HITPOINT WARNING * * *
Natasha claws you.
You die...
Xom howls with laughter!

.8. #..#. ... #.... ##.##
#########.... #...#
####.#...†...... ##.##
#..##.######..#.
#...####...#.## #....
........#.†......##.##
#...#
.####..###hJ####...#.#
#...# ....
#oo@.......##.##<..#
..####..o####..##...#.#....
# ##o##....#####[###....
.....##### ## #.... ....
..... ...... ...... .....o
.##... ...... w# #...


You could see Natasha, 4 orcs and an endoplasm.

Vanquished Creatures
  Ijyb (D:3)
  An adder (D:3)
  A worm (D:2)
  A dart slug (D:2)
  5 ball pythons
  3 endoplasms
  2 giant cockroaches
  3 goblins
  4 hobgoblins
  3 jackals (D:1)
  A quokka (D:2)
  4 bats
  A frilled lizard (D:2)
  5 kobolds
  4 rats
39 creatures vanquished.

Notes
Turn   | Place    | Note
-------+----------+-------------------------------------------
     0 | D:1      | GigaChad the Minotaur Chaos Knight began the quest for the
                  | Orb.
     0 | D:1      | Reached XP level 1. HP: 19/19 MP: 0/0
    94 | D:1      | XOM: potion effect (invisibility)
   138 | D:1      | Reached XP level 2. HP: 16/27 MP: 1/1
   351 | D:1      | XOM: noise
   399 | D:1      | XOM: noise
   405 | D:1      | XOM: smoke on damage
   498 | D:2      | Identified the +1 ring mail of Wariness {rPois Dex+3 Slay+3
                  | Stlth+}
   574 | D:2      | Reached XP level 3. HP: 30/33 MP: 2/2
   754 | D:2      | XOM: 7-stop teleportation journey
   943 | D:3      | XOM: noise
   956 | D:3      | Noticed Ijyb
   956 | D:3      | Noticed Natasha
   961 | D:3      | XOM: smoke on damage
   961 | D:3      | Noticed a scorpion
   965 | D:3      | Killed Ijyb
   965 | D:3      | HP: 1/34 [orc/+0 whip (1)]
   966 | D:3      | Reached XP level 4. HP: 2/41 MP: 3/3
   966 | D:3      | Slain by Natasha

Illustrated notes

Levels and vault maps discovered:
D:1:      nzn_arrival_depleted_hourglass, layout_rooms
D:2:      layout_rooms
D:3:      wad_crossroads, layout_rooms,
          dreamdust_ecumenical_altar_angels_and_demons, serial_shops, shop,
          uniq_natasha, uniq_ijyb, uniq_terence, uniq_crazy_yiuf_cottage

Skill      XL: |  1  2  3 |
---------------+----------+-----
Fighting       | 4 |  4.4
Long Blades    | 4 |  4.7
Armour         | 3 |  3.0
Dodging        | |  1.6
Stealth        | |  0.9

Action                   |  1- 3 |  4- 6 || total
-------------------------+-------+-------++-------
Melee: Falchion          |    74 |       ||    74
       Headbutt          |     7 |       ||     7
 Stab: Invisible         |     3 |       ||     3
Armor: Leather armour    |    16 |       ||    16
       Ring mail         |    31 |       ||    31
Dodge: Dodged            |    64 |       ||    64
